General information
			
			
        
        - name: sandbags
 
        - type: Custom game
 
        - host: Rush[yyz]
 
        - saver: Saigon
 
        
map: EchoIsles 
        - players: 3
 
        - length: 07:52
 
        - speed: Fast
 - version: 1.22 W3XP
 - replay type:  Public
 
» download(52 KB)
Players
        team 1 (winner) 
              
              
Saigon (
pink | 72 APM | 565 actions | 07:52)
              
 1 Pandaren Brewmaster 
 1 Breath of Fire
 
                » actions 
                
                | Assign group hotkey | 3 |  | 
| Basic commands | 16 |  | 
| Build / train | 21 |  | 
| Enter build submenu | 21 |  | 
| Enter hero's abilities submenu | 1 |  | 
| Right click | 205 |  | 
| Select / deselect | 220 |  | 
| Select group hotkey | 36 |  | 
| Use ability | 42 |  | 
                565 total
 » units 
                » buildings
                
                | Hunter's Hall | 1 |  | 
| Moon Well | 3 |  | 
| Ancient Protector | 5 |  | 
| Altar of Elders | 2 |  | 
| Ancient of War | 1 |  | 
| Tree of Ages | 1 |  | 
                13 total
 » build order
                00:04 Hunter's Hall
00:05 Moon Well
01:16 Ancient Protector
01:42 Ancient Protector
02:04 Altar of Elders
02:37 Moon Well
03:49 Moon Well
03:52 Ancient of War
04:43 Tree of Ages
04:46 Altar of Elders
05:18 Ancient Protector
06:14 Ancient Protector
06:47 Ancient Protector
 
               team 2 (loser) 
              
              
TALONSAREIMBA (
blue | 107 APM | 840 actions | 07:52)
              
 1 Goblin Tinker 
 1 Pocket Factory
 
                » actions 
                
                | Assign group hotkey | 53 |  | 
| Basic commands | 1 |  | 
| Build / train | 15 |  | 
| ESC pressed | 1 |  | 
| Enter build submenu | 12 |  | 
| Enter hero's abilities submenu | 1 |  | 
| Right click | 376 |  | 
| Select / deselect | 203 |  | 
| Select group hotkey | 162 |  | 
| Use ability | 16 |  | 
                840 total
 » units 
                » buildings
                
                | Lumber Mill | 1 |  | 
| Scout Tower | 7 |  | 
| Guard Tower | 8 |  | 
| Farm | 1 |  | 
| Altar of Kings | 1 |  | 
                18 total
 » build order
                00:08 Lumber Mill
00:51 Scout Tower
00:52 Scout Tower
00:53 Scout Tower
01:11 Guard Tower
01:20 Scout Tower
01:22 Guard Tower
01:29 Scout Tower
01:48 Guard Tower
02:00 Guard Tower
02:00 Guard Tower
02:52 Scout Tower
02:56 Scout Tower
03:23 Guard Tower
03:23 Guard Tower
03:38 Guard Tower
04:02 Farm
04:56 Altar of Kings
 
               refereesRush[yyz] Chat log
          (00:06 / All) Saigon: fuck u
(00:15 / All) Rush[yyz]: the poon slinger talons
(00:19 / All) Saigon: i hope u die
(00:31 / All) Saigon: <^>
(00:40 / All) Saigon: in a hiorrible def
(00:40 / All) Rush[yyz]: what is that?
(00:44 / All) Rush[yyz]: starmie
(00:48 / All) Saigon: fuck u corr
(00:49 / All) Rush[yyz]: the pokemon
(01:10 / All) Rush[yyz]: ap's
(01:12 / All) Rush[yyz]: lol
(01:19 / All) Saigon: fuck u
(01:39 / All) Saigon: ur gonna die]
(02:25 / All) Saigon: fuck u
(02:35 / All) Rush[yyz]: repair rate imba
(02:43 / All) Saigon: i hope u die
(02:49 / All) TALONSAREIMBA: ahhh
(03:01 / All) Rush[yyz]: OP
(03:19 / All) Saigon: fuck u
(03:35 / All) TALONSAREIMBA: haha
(03:38 / All) Saigon: fuck off
(04:02 / All) Saigon: die in a fire
(04:07 / All) Rush[yyz]: the kid talons
(04:29 / All) TALONSAREIMBA: uh oh
(04:51 / All) Saigon: die
(04:54 / All) Saigon: in a fire
(04:59 / All) TALONSAREIMBA: :(
(05:24 / All) TALONSAREIMBA: look at the maphack lol
(05:27 / All) Saigon: rofl
(05:31 / All) Saigon: die
(05:32 / All) Saigon: in a fire
(06:01 / All) Saigon: gj
(06:02 / All) Rush[yyz]: ahem
(06:02 / All) Saigon: nigger
(06:39 / All) Saigon: fuck u
(06:40 / All) TALONSAREIMBA: :(
(07:11 / All) TALONSAREIMBA: oh shit
(07:42 / All) Saigon: die